 Dungeon Crawl Stone Soup version 0.30-a0-1116-gebefce21f7 (webtiles) character file.

Game seed: 3245730410080356793

221 qeuew the Digger (level 5, -2/29 HPs)
             Began as a Gargoyle Earth Elementalist on Apr 21, 2023.
             Was an Initiate of Hepliaklqana.
             Slain by a hornet (8 damage)
             ... on level 5 of the Dungeon.
             The game lasted 00:05:16 (3687 turns).

qeuew the Digger (Gargoyle Earth Elementalist)      Turns: 3687, Time: 00:05:17

Health: -2/29      AC:  7    Str: 18    XL:     5   Next: 98%
Magic:  3/9        EV: 12    Int: 17    God:    Hepliaklqana [......]
Gold:   149        SH:  0    Dex: 10    Spells: 5/9 levels left

rFire   . . .      SeeInvis .    d - +0 flail
rCold   . . .      Faith    .    (no shield)
rNeg    + . .      Spirit   .    a - +1 robe
rPois   ∞          Reflect  .    (no helmet)
rElec   +          Rampage  .    (no cloak)
rCorr   .                        (no gloves)
Will    .....                    (no boots)
Stlth   ++                       k - amulet of regeneration
HPRegen 1.04/turn                m - +6 ring of strength
MPRegen 0.11/turn                (no ring)

@: very slightly contaminated
A: sickness immunity, AC +4, negative energy resistance 1, electricity
resistance, torment resistance 1, petrification resistance
a: Renounce Religion


You were on level 5 of the Dungeon.
You worshipped Hepliaklqana.
Hepliaklqana was noncommittal.
You visited 2 branches of the dungeon, and saw 6 of its levels.

You collected 149 gold pieces.

Inventory:

Hand Weapons
 d - a +0 flail (weapon)
Armour
 a - a +1 robe (worn)
Jewellery
 i - a ring of flight
 k - an amulet of regeneration (around neck)
 m - a +6 ring of strength (left hand)
Wands
 n - a wand of mindburst (24)
Scrolls
 c - 3 scrolls of teleportation
 g - 3 scrolls of magic mapping
 h - a scroll of identify
 j - a scroll of fear
 o - 2 scrolls of fog
Potions
 b - a potion of magic
 e - 2 potions of brilliance
 f - a potion of curing
 l - a potion of ambrosia
 p - 2 potions of haste


   Skills:
 + Level 1.5 Fighting
 * Level 1.7 Maces & Flails
 * Level 2.4 Armour
 + Level 2.1 Dodging
 - Level 2.1 Stealth
 * Level 2.8 Spellcasting
 + Level 1.4 Transmutations
 * Level 4.6 Earth Magic


You had 5 spell levels left.
You knew the following spells:

 Your Spells              Type           Power      Damage    Failure   Level
a - Sandblast             Erth           36%        2d10      2%          1
b - Stone Arrow           Conj/Erth      20%        3d8       21%         3

Your spell library contained the following spells:

 Spells                   Type           Power      Damage    Failure   Level
 Passwall                 Tmut/Erth      10%        N/A       8%          2
 Beastly Appendage        Tmut           14%        N/A       10%         1
 Wereblood                Tmut           7%         N/A       16%         2
 Spider Form              Tmut/Pois      4%         N/A       36%         3
 Petrify                  Tmut/Erth      12%        N/A       45%         4
 Cause Fear               Hex            1%         N/A       87%         4
 Borgnjor's Vile Clutch   Necr/Erth      5%         N/A       88%         5
 Alistair's Intoxication  Tmut/Pois      2%         N/A       98%         5
 Eringya's Noxious Bog    Tmut/Pois      2%         N/A       100%        6
 Dragon Form              Tmut           3%         N/A       100%        7
 Dragon's Call            Summ           1%         N/A       100%        9


Dungeon Overview and Level Annotations

Branches:
Dungeon (5/15)             Temple (1/1) D:4

Altars:
Dithmenos
Elyvilon
Hepliaklqana
Kikubaaqudgha
Yredelemnul

Shops:
D:3 [


Innate Abilities, Weirdness & Mutations

You are immune to sickness and miasma.
Your stone body is resilient. (AC +4)
You are immune to poison.
You resist negative energy. (rN+)
You are resistant to electric shocks. (rElec)
You are resistant to unholy torment.
You are immune to petrification.


Message History

There is a stone staircase leading up here.
Found an escape hatch in the ceiling.
Found an escape hatch in the floor.
Found 2 potions of haste.
Found 10 gold pieces.
There is an escape hatch in the ceiling here.
There is an escape hatch in the floor here.
Found 17 gold pieces.
p - 2 potions of haste You now have 132 gold pieces (gained 10).
There is an escape hatch in the floor here.
You now have 149 gold pieces (gained 17).
The hornet buzzes angrily.
Casting: Sandblast (safe; 2% risk of failure)
Confirm with . or Enter, or press ? or * to list all spells.
Okay, then.
You can't see any susceptible monsters within range! (Use Z to cast anyway.)
Casting: Sandblast (safe; 2% risk of failure)
Confirm with . or Enter, or press ? or * to list all spells.
Okay, then.
Casting: Sandblast (safe; 2% risk of failure)
Confirm with . or Enter, or press ? or * to list all spells.
The spell is quite dangerous to miscast (21% risk of failure)!
Continue anyway?
Aiming: Stone Arrow (quite dangerous; 21% risk of failure)
Press: ? - help, Shift-Dir - straight line, f - hornet
Aim: a hornet (52% to hit)
You miscast Stone Arrow.
You are very lightly contaminated with residual magic.
Nothing appears to happen.
The hornet closely misses you.
Casting: Stone Arrow (quite dangerous; 21% risk of failure)
Confirm with . or Enter, or press ? or * to list all spells.
The spell is quite dangerous to miscast (21% risk of failure)!
Continue anyway?
Aiming: Stone Arrow (quite dangerous; 21% risk of failure)
Press: ? - help, Shift-Dir - straight line, f/p - hornet
Aim: a hornet (52% to hit)
The stone arrow misses the hornet.
The hornet stings you.
You closely miss the hornet. The hornet stings you! x2
* * * LOW HITPOINT WARNING * * *
You barely miss the hornet. The hornet stings you!
You die...

.....# ###.## #.#
##.^.## ##.## ..#
###..# #..###..#
##.## ##......#
#..## ##.....#
##..#######.....#
##....<.....(###
######.....##
####.@# #.y# #..#
#.$# #..# ...#
.... .....


You could see a hornet.

Vanquished Creatures
  An ogre (D:4)
  An iguana (D:4)
  4 adders
  3 worms
  5 orcs (D:3)
  4 endoplasms
  A giant cockroach (D:3)
  3 goblins
  6 hobgoblins
  7 jackals
  3 quokkas
  7 ball pythons
  7 bats
  2 frilled lizards
  4 kobolds
  3 rats
61 creatures vanquished.

Notes
Turn   | Place    | Note
-------+----------+-------------------------------------------
     0 | D:1      | qeuew the Gargoyle Earth Elementalist began the quest for
                  | the Orb.
     0 | D:1      | Reached XP level 1. HP: 10/10 MP: 3/3
   644 | D:2      | Reached XP level 2. HP: 15/15 MP: 1/5
   989 | D:2      | Reached skill level 1 in Transmutations
  1001 | D:2      | Found a faded altar of an unknown god.
  1358 | D:2      | Reached skill level 1 in Armour
  1358 | D:2      | Reached skill level 4 in Earth Magic
  1358 | D:2      | Reached XP level 3. HP: 20/20 MP: 2/6
  2184 | D:3      | Reached XP level 4. HP: 15/24 MP: 3/7
  2254 | D:3      | Reached skill level 1 in Fighting
  2258 | D:3      | Learned a level 3 spell: Stone Arrow
  2300 | D:3      | Reached skill level 1 in Maces & Flails
  2452 | D:3      | Found Lekoarr's Antique Armour Boutique.
  3045 | D:4      | Found a staircase to the Ecumenical Temple.
  3057 | D:4      | Reached XP level 5. HP: 12/29 MP: 3/8
  3062 | Temple   | Entered the Ecumenical Temple
  3129 | Temple   | Became a worshipper of Hepliaklqana the Forgotten
  3278 | D:4      | Noticed an ogre
  3280 | D:4      | Killed an ogre
  3606 | D:5      | Entered Level 5 of the Dungeon
  3610 | D:5      | Noticed a hornet
  3687 | D:5      | Slain by a hornet

Illustrated notes

Levels and vault maps discovered:
D:1:      minmay_arrival_open_corners, layout_loops_ring, grunt_decor_cap
D:2:      layout_basic, hellmonk_ecumenical_altar_inner_sanctum
D:3:      layout_basic, serial_shops, shop
D:4:      layout_gridville, minmay_temple_entry_crystal_x
D:5:      layout_layer_cave, uniq_blork_the_orc
Temple:   mainiacjoe_temple_bowtie_tessellation

Skill      XL: |  1  2  3  4 |
---------------+-------------+-----
Transmutations | 1 |  1.4
Armour         | 1 2 |  2.4
Earth Magic    | 4 |  4.6
Fighting       | 1 |  1.5
Dodging        | 2 |  2.1
Maces & Flails | 1 |  1.7
Stealth        | |  2.1
Spellcasting   | |  2.8

Action                     |  1- 3 |  4- 6 || total
---------------------------+-------+-------++-------
  Melee: Unarmed           |     2 |       ||     2
         Club              |    32 |     4 ||    36
         Punch             |     1 |       ||     1
         Flail             |       |     8 ||     8
   Cast: Sandblast         |    52 |    34 ||    86
         Stone Arrow       |       |     1 ||     1
    Use: Scroll            |    10 |     1 ||    11
         Potion            |     6 |       ||     6
 Armour: Robe              |    35 |     6 ||    41
  Dodge: Dodged            |    92 |    15 ||   107

Table legend: (Time is in decaauts)
 A = Elapsed time spent in this place.
 B = Non-inter-level travel time spent in this place.
 C = Inter-level travel time spent in this place.
 D = Time resting spent in this place.
 E = Time spent auto-exploring this place.
 F = Levels seen in this place.
 G = Mean time per level.
                   A        B        C        D        E       F      G
               +--------+--------+--------+--------+--------+-----+--------+
         Total |   3720 |   3577 |    143 |      0 |   3089 |   6 |  620.0 |
       Dungeon |   3635 |   3511 |    124 |      0 |   3029 |   5 |  727.0 |
        Temple |     84 |     65 |     19 |      0 |     60 |   1 |   84.0 |
               +--------+--------+--------+--------+--------+-----+--------+

Top non-repeatable levels by time:
     D:2: 1317 daAuts
     D:3: 1015 daAuts
     D:1: 635 daAuts
     D:4: 585 daAuts
  Temple: 84 daAuts
     D:5: 81 daAuts
